 Dungeon Crawl Stone Soup version 0.27-a0-1123-g2f9bb313c0 (webtiles) character file.

Game seed: 16620445894951649629

42 Zeld the Shield-Bearer (level 3, 0/21 (26) HPs)
             Began as an Octopode Fighter on May 3, 2021.
             Slain by a necrophage (8 damage)
             ... on level 3 of the Dungeon.
             The game lasted 00:02:04 (1671 turns).

Zeld the Shield-Bearer (Octopode Fighter)           Turns: 1671, Time: 00:02:05

HP:   0/21 (26)     AC:  1    Str: 22    XL:     3   Next: 54%
MP:   3/3           EV: 11    Int: 10    God:
Gold: 86            SH:  9    Dex: 11    Spells: 2/2 levels left

rFire    . . .     SeeInvis .   a - +0 war axe
rCold    . . .     Faith    .   b - +0 kite shield
rNeg     . . .     Spirit   .   (helmet restricted)
rPois    .         Reflect  .   (no amulet)
rElec    .         Harm     .   k - +6 ring of strength
rCorr    .         Rampage  .   (no ring)
Will     .....                  (no ring)
Stlth    ++........             (no ring)
HPRegen  0.07/turn              (no ring)
MPRegen  0.08/turn              (no ring)
                                (no ring)
                                (no ring)

@: heavily drained
A: almost no armour, amphibious, 8 rings, camouflage 1, gelatinous body 1,
(nimble swimmer 1), tentacles
a: no special abilities


You were on level 3 of the Dungeon.
You visited 1 branch of the dungeon, and saw 4 of its levels.

You collected 86 gold pieces.

Inventory:

Hand Weapons
 a - a +0 war axe (weapon)
Missiles
 f - 8 boomerangs
 m - 6 poisoned darts (quivered)
Armour
 b - a +0 kite shield (worn)
Jewellery
 k - a +6 ring of strength (left tentacle)
Scrolls
 d - a scroll of enchant weapon {unknown}
 e - 3 scrolls of teleportation {unknown}
 g - a scroll of magic mapping {unknown}
 i - a scroll of fog {unknown}
 n - a scroll of immolation {unknown}
Potions
 c - a potion of might
 j - a potion of invisibility {unknown}
 l - 2 potions of attraction {unknown}


   Skills:
 - Level 3.2 Fighting
 - Level 2.3 Axes
 * Level 2.0 Throwing
 - Level 3.0 Dodging
 - Level 3.3 Shields


You had 2 spell levels left.
You didn't know any spells.
Your spell library was empty.

Dungeon Overview and Level Annotations

Branches:
Dungeon (4/15)
 Temple: D:4-7

Altars:


Innate Abilities, Weirdness & Mutations

You cannot wear most types of armour.
You are amphibious.
You can wear up to eight rings at the same time.
Your skin changes colour to match your surroundings (Stealth+).
Your rubbery body absorbs attacks. (AC +1, EV +1)
((You are camouflaged near water. (Stealth+)))
You have tentacles for arms and can constrict up to eight enemies at once.


Message History

You start waiting.
Done waiting.
Found a scroll labelled MAMMEX RIOJA.
Found a stone staircase leading down.
n - a scroll labelled MAMMEX RIOJA You now have 86 gold pieces (gained 8).
Found a stone staircase leading up.
Found a stone staircase leading up.
A giant cockroach comes into view.
Found a potion of might.
A necrophage comes into view.
There is a stone staircase leading up here.
The necrophage hits you.
You climb upwards.
An orc comes into view. It is wielding a +0 flail.
There is a stone staircase leading down here.
You barely miss the necrophage. You grab the necrophage.
You constrict the necrophage.
The orc shouts!
You hear a shout! x2
You block the necrophage's attack. The necrophage hits you.
You feel drained.
You slash the necrophage!
The necrophage is heavily damaged.
You constrict the necrophage. The necrophage hits you.
You feel drained. The orc hits you with a +0 flail.
An orc comes into view. It is wielding a +0 falchion.
You are too injured to fight recklessly!
You are too injured to fight recklessly!
You barely miss the necrophage.
The necrophage is severely damaged.
You hit the orc but do no damage. You constrict the necrophage.
The necrophage hits you.
* * * LOW HITPOINT WARNING * * *
You feel drained.
* * * LOW HITPOINT WARNING * * *
You block the orc's attack. The necrophage hits you.
* * * LOW HITPOINT WARNING * * *
An orc comes into view. It is wielding a +0 whip.
The orc closely misses you.
You feel better.
You constrict the necrophage. The necrophage hits you!
You die...

#.# #.#
... #.#
#.# #
#.###.###
#.......#
#@n......
##o.....#
#o#.###
o# .. # #


You could see a necrophage and 3 orcs.

Vanquished Creatures
  An adder (D:2)
  An adder zombie (D:2)
  5 ball pythons
  A bat zombie (D:2)
  3 endoplasms
  3 goblins
  2 hobgoblins (D:1)
  A quokka (D:1)
  6 bats (D:1)
  4 frilled lizards (D:1)
  A kobold (D:4)
  2 rats
30 creatures vanquished.

Notes
Turn   | Place    | Note
-------+----------+-------------------------------------------
     0 | D:1      | Zeld the Octopode Fighter began the quest for the Orb.
     0 | D:1      | Reached XP level 1. HP: 16/16 MP: 1/1
   134 | D:1      | Found a faded altar of an unknown god.
   243 | D:1      | Reached XP level 2. HP: 21/21 MP: 2/2
   648 | D:1      | Reached skill level 1 in Throwing
   775 | D:2      | Reached XP level 3. HP: 25/26 MP: 3/3
  1169 | D:2      | You fall into a shaft and drop 2 floors!
  1660 | D:4      | Noticed a necrophage
  1670 | D:3      | HP: 1/21 [necrophage (2)]
  1671 | D:3      | Slain by a necrophage

Illustrated notes

Levels and vault maps discovered:
D:1:      psy_arrival_fountain, layout_loops_ring,
          ebering_ecumenical_altar_sacrificial, minmay_split_cup_small
D:2:      layout_loops_ring, serial_undead, serial_undead_e, serial_undead_c,
          serial_undead_a, serial_undead_e
D:3:      layout_loops_ring, vehumet_statue, minivault_23, roderic_batcave,
          grunt_ministairs_4
D:4:      layout_layer_cave, kennysheep_orc_sif_temple,
          chequers_temple_overflow_minitemple, serial_shops, shop

Skill      XL: |  1  2  3 |
---------------+----------+-----
Throwing       | 1 2 |  2.0
Fighting       | |  3.2
Axes           | |  2.3
Dodging        | |  3.0
Shields        | |  3.3

Action                   || total
-------------------------++-------
Melee: War axe           ||    51
       Constrict         ||    12
       Tentacles         ||     9
  Use: Potion            ||     2
 Stab: Sleeping          ||     6
Armor: Skin              ||    14
Dodge: Dodged            ||    31
Block: Kite shield       ||    29

Table legend: (Time is in decaauts)
 A = Elapsed time spent in this place.
 B = Non-inter-level travel time spent in this place.
 C = Inter-level travel time spent in this place.
 D = Time resting spent in this place.
 E = Time spent auto-exploring this place.
 F = Levels seen in this place.
 G = Mean time per level.
                   A        B        C        D        E       F      G
               +--------+--------+--------+--------+--------+-----+--------+
         Total |   1701 |   1667 |     34 |    316 |   1106 |   4 |  425.2 |
       Dungeon |   1701 |   1667 |     34 |    316 |   1106 |   4 |  425.2 |
               +--------+--------+--------+--------+--------+-----+--------+

Top non-repeatable levels by time:
     D:1: 780 daAuts
     D:4: 498 daAuts
     D:2: 416 daAuts
     D:3: 5 daAuts
